 Dungeon Crawl Stone Soup version 0.31.0-4-g52a2dc7128 (console) character file.

Game seed: 17642973089554942665

151 AlterAsc the Insei (level 5, -1/37 HPs)
             Began as a Djinni Shapeshifter on Jan 23, 2024.
             Killed from afar by a white imp (4 damage)
             ... with a puff of frost
             ... on level 4 of the Dungeon.
             The game lasted 00:05:16 (2402 turns).

AlterAsc the Insei (Djinni Shapeshifter)            Turns: 2402, Time: 00:05:16

Health: -1/37      AC:  5    Str: 13    XL:     5   Next: 59%
Gold:   152        EV: 11    Int: 12    God:
                   SH:  0    Dex: 14

rFire   + +          .
                       - Unarmed
rCold   x . .        (no shield)
rNeg    . . .        s - +0 ring mail
rPois   ∞            (helmet currently unavailable)
rElec   .            (cloak currently unavailable)
rCorr   .            (gloves currently unavailable)
SInv    .            (boots unavailable)
Will    +....        (no amulet)
Stlth   +            g - ring of willpower
HPRegen 0.26/turn    (no ring)
MPRegen 0.00/turn

%: infuse magic (-2 HP)
@: beast-form, flying
A: beast (slay +1), flying, sickness immunity, fire resistance 2, cold
vulnerability 1, float, innate caster, HP casting, extra vitality 1
a: Begin Untransformation


You were on level 4 of the Dungeon.
You were a hulking beast.
You visited 1 branch of the dungeon, and saw 4 of its levels.

You collected 152 gold pieces.

Inventory:

Missiles
 u - 12 stones (quivered)
 v - 2 poisoned darts
Armour
 a - a +0 animal skin
 h - a +0 pair of gloves
 s - a +0 ring mail (worn)
Jewellery
 g - a ring of willpower (left hand)
Talismans
 c - a beast talisman
 d - a flux talisman
Scrolls
 f - a scroll of amnesia {unknown}
 j - 2 scrolls of identify {unknown}
 n - 2 scrolls of fog {unknown}
 o - a scroll of fear {unknown}
 r - a scroll of blinking {unknown}
Potions
 b - 2 potions of lignification
 e - 2 potions of brilliance {unknown}
 i - a potion of curing {unknown}
 k - a potion of degeneration {unknown}
 l - 2 potions of cancellation {unknown}
 m - a potion of enlightenment {unknown}
 p - a potion of mutation {unknown}
 q - a potion of ambrosia {unknown}
 t - 2 potions of berserk rage {unknown}


   Skills:
 - Level 1.0 Fighting
 - Level 2.1 Dodging
 + Level 5.8 Unarmed Combat
 - Level 2.6 Shapeshifting


You knew the following spells:

 Your Spells              Type           Power      Damage    Failure   Level
a - Slow                  Hex            0%         N/A       58%         1
b - Momentum Strike       Conj/Tloc      0%         3d8       73%         2
Your spell library was empty.

Dungeon Overview and Level Annotations

Branches:
Dungeon (4/15)
 Temple: D:4-7

Altars:
Wu Jian

Shops:
D:1 *


Innate Abilities, Weirdness & Mutations

You are a hulking beast.
Your limbs bulge with bestial killing power. (Slay +1)
You are flying.
You are immune to sickness and miasma.
You are immune to poison.
Your flesh is very heat resistant. (rF++)
You are vulnerable to cold. (rC-)
You float through the air rather than walking.
You learn spells naturally, not from books.
Your magical power is your life essence.
You have superior vitality. (+4 MHP)


Message History

A giant cockroach comes into view.
The white imp shouts!
You hear an angry hiss.
The white imp gestures at you. The puff of frost hits you!!
You feel a terrible chill!
Ouch! That really hurt!
* * * LOW HITPOINT WARNING * * *
You are too injured to fight recklessly!
You are too injured to fight recklessly!
You see here an adder corpse.
You hit the giant cockroach.
The giant cockroach is severely wounded.
The giant cockroach closely misses you.
You hit the giant cockroach.
You kill the giant cockroach!
The white imp misses you.
You see here an adder corpse.
You hit the white imp but do no damage.
The white imp hits you but does no damage.
You hit the white imp but do no damage.
You punch the white imp, but do no damage.
The white imp misses you.
You hit the white imp.
The white imp is lightly wounded.
The white imp closely misses you.
You punch the white imp!
The white imp is severely wounded.
The white imp barely misses you.
You hit the white imp but do no damage.
The white imp is severely wounded.
The white imp gestures at you. The puff of frost hits you!
You feel a terrible chill!
* * * LOW HITPOINT WARNING * * *
You barely miss the white imp.
The white imp is heavily wounded.
The white imp barely misses you.
You barely miss the white imp.
The white imp is heavily wounded.
The white imp gestures at you. The puff of frost hits you.
You feel a terrible chill!
You die...

....................
.......##..#........ #
....................
......................
............#####....
#.........## ####
##..##.†..# #..##....#
##.......# .##
#.#.....#
.....####..h#...#
#..†.).5##...#
#....####.##...# ..)##
#.............. .
#.###..?..##### ..
#......# ... ........#
.. .........# .
..........#
..........#


You could see a white imp.

Vanquished Creatures
  A bombardier beetle (D:3)
  5 adders
  4 dart slugs
  3 ribbon worms
  3 bats (D:2)
  11 endoplasms
  3 giant cockroaches
  7 goblins
  6 hobgoblins
  5 kobolds
  2 quokkas (D:2)
  2 ball pythons
  4 frilled lizards
  2 rats
58 creatures vanquished.

Notes
Turn   | Place    | Note
-------+----------+-------------------------------------------
     0 | D:1      | AlterAsc the Djinni Shapeshifter began the quest for the
                  | Orb.
     0 | D:1      | Reached XP level 1. HP: 17/17 MP: 0/0
   124 | D:1      | Reached XP level 2. HP: 20/22 MP: 0/0
   315 | D:1      | Found Jepix's General Store.
   402 | D:1      | Reached skill level 4 in Unarmed Combat
   402 | D:1      | Reached XP level 3. HP: 27/27 MP: 0/0
   402 | D:1      | Learned a level 1 spell: Slow
   694 | D:2      | Found an ornate altar of the Wu Jian Council.
  1279 | D:2      | Reached XP level 4. HP: 32/32 MP: 0/0
  1471 | D:2      | Reached skill level 5 in Unarmed Combat
  1958 | D:3      | Reached XP level 5. HP: 30/37 MP: 0/0
  1958 | D:3      | Learned a level 2 spell: Momentum Strike
  2402 | D:4      | Killed from afar by a white imp

Illustrated notes

Levels and vault maps discovered:
D:1:      dpeg_arrival_boxorama, layout_basic, serial_shops,
          nicolae_diamond_shop, minmay_tetromino_o2
D:2:      layout_basic, basic_altar
D:3:      layout_rooms, serial_bayou_lagoon_a, amcnicky_mini_corridor_feature
D:4:      wad_crossroads, layout_rooms, serial_shops, shop, minmay_vboxes

Skill      XL: |  1  2  3  4 |
---------------+-------------+-----
Unarmed Combat | 4 5 |  5.8
Fighting       | |  1.0
Dodging        | |  2.1
Shapeshifting  | |  2.6

Action                     |  1- 3 |  4- 6 || total
---------------------------+-------+-------++-------
  Melee: Unarmed           |    89 |    91 ||   180
         Punch             |       |     4 ||     4
   Stab: Sleeping          |     1 |     3 ||     4
 Armour: Animal skin       |    41 |    13 ||    54
         Ring mail         |       |    20 ||    20
  Dodge: Dodged            |    47 |    43 ||    90
